Map: [TLMC19] Anomaly Found

Players

DKZherO (herO) - Winner!

  • Race: Protoss Protoss
  • League: Grandmaster
  • Spawn Location: 11:00

LiquidCure (Cure)

  • Race: Terran Terran
  • League: Master
  • Spawn Location: 5:00

VOD

Have the link to the VOD?

Description

Time

  • Played on: Dec. 21, 2023, 9:33 a.m.
  • Length: 6:50
Show
View Real Time Build Order
Export as new Build Order

DKZherO Protoss - Winner!

Build Orders:  

Get SALT Encoding   

  12  0:00  Probe  
  13  0:12  Probe  
  14  0:17  Pylon  
  14  0:24  Probe  
  15  0:36  Probe  
  15  0:37  Gateway  
  16  0:43  Assimilator  
  16  0:49  Probe  
  17  0:54  Pylon  
  17  1:01  Probe  
  18  1:12  Gateway  
  18  1:13  Probe  
  19  1:24  Cybernetics Core  
  19  1:29  Zealot  
  21  1:33  Probe  
  22  1:41  Assimilator  
  22  1:45  Probe  
  23  1:58  Stalker (Chrono Boost), Adept (Chrono Boost)  
  25  2:05  Warp Gate, Pylon  
  27  2:20  Stalker (Chrono Boost)  
  31  2:23  Probe  
  31  2:27  Adept (Chrono Boost)  
  32  2:36  Probe  
  33  2:41  Adept (Chrono Boost)  
  34  2:50  Adept  
  36  2:51  Probe  
  37  3:11  Adept  
  37  3:12  Probe  
  36  3:27  Probe  
  36  3:31  Robotics Facility  
  33  3:39  Probe  
  32  3:56  Nexus  
  32  3:58  Stalker x2  
  35  4:02  Probe  
  35  4:09  Pylon  
  35  4:15  Probe  
  36  4:25  Adept  
  36  4:29  Robotics Bay, Adept  
  36  4:31  Observer, Probe  
  40  4:49  Warp Prism (Chrono Boost)  
  42  5:04  Probe  
  39  5:07  Adept x2  
  43  5:16  Probe  
  43  5:17  Probe  
  45  5:22  Disruptor (Chrono Boost)  
  45  5:27  Shield Battery  
  49  5:36  Probe x2  
  49  5:38  Gravitic Drive (Chrono Boost)  
  51  5:44  Adept x2  
  51  5:47  Pylon  
  51  5:49  Probe  
  56  5:50  Assimilator, Probe  
  56  5:52  Assimilator  
  57  6:02  Colossus (Chrono Boost)  
  57  6:06  Probe (Chrono Boost)  
  57  6:08  Probe (Chrono Boost)  
  65  6:16  Pylon  
  67  6:20  Probe (Chrono Boost)  
  67  6:22  Probe (Chrono Boost)  
  67  6:26  Probe (Chrono Boost)  
  67  6:30  Probe  
Show
View Real Time Build Order
Export as new Build Order

LiquidCure Terran 

Build Orders:  

Get SALT Encoding   

  12  0:00  SCV  
  13  0:12  SCV  
  14  0:16  Supply Depot  
  14  0:24  SCV  
  15  0:38  SCV, Barracks  
  15  0:42  Refinery  
  16  0:50  SCV  
  17  1:00  Supply Depot  
  17  1:02  SCV  
  18  1:14  SCV  
  19  1:27  Orbital Command, Barracks Reactor  
  19  1:45  Command Center  
  19  1:53  SCV  
  20  2:04  Marine, Reaper  
  20  2:05  SCV  
  23  2:08  Barracks  
  23  2:17  SCV  
  23  2:22  Marine, Barracks  
  25  2:29  SCV  
  26  2:30  Supply Depot  
  26  2:38  Marine  
  26  2:40  Marine  
  26  2:41  SCV  
  29  2:53  SCV  
  29  2:56  Bunker  
  28  3:02  Marine x2  
  28  3:03  Marine  
  27  3:06  SCV  
  24  3:18  Orbital Command  
  23  3:25  SCV  
  23  3:26  Marine  
  21  3:30  Marine  
  21  3:34  Marine  
  20  3:40  SCV  
  21  3:44  Marine  
  22  3:48  Marine  
  22  3:51  SCV  
  24  3:58  SCV  
  25  4:03  Reaper x3  
  25  4:06  Reaper  
  25  4:09  SCV  
  30  4:10  SCV  
  31  4:21  SCV  
  31  4:22  SCV  
  33  4:28  Supply Depot  
  33  4:33  SCV  
  33  4:35  SCV, Marine  
  33  4:36  Barracks Tech Lab x2  
  36  4:38  Marine  
  36  4:45  SCV  
  35  4:47  SCV  
  36  4:53  Marine  
  36  4:56  Marine  
  36  4:57  SCV  
  36  4:59  SCV  
  38  5:01  Marine x2  
  38  5:06  Stimpack  
  38  5:09  SCV  
  38  5:11  SCV, Marine  
  41  5:15  Refinery  
  41  5:22  Supply Depot  
  41  5:25  Combat Shield  
  41  5:26  Marauder  
  43  5:28  Marine  
  43  5:29  Marauder  
  43  5:31  Marine  
  43  5:34  SCV  
  47  5:38  SCV  
  47  5:43  Factory  
  47  5:51  Marine x4  
  47  5:52  SCV  
  47  5:54  SCV  
  52  6:05  Supply Depot, SCV  
  52  6:06  SCV  
  52  6:09  Marine x4  
  58  6:14  Supply Depot  
  58  6:17  SCV  
  58  6:18  SCV  
  56  6:26  Marine x2  
  56  6:27  Marine x2  
Tags
 
Add a new tag
Caveats
  • Supply blocks, unpowered buildings, or Contaminate may cause inaccurate times.
  • Supply counts are checked every 10 seconds.